 Dungeon Crawl Stone Soup version 0.24.0-13-gcf9b319 (webtiles) character file.

Game seed: 2576949039719165865, levelgen mode: deterministic

270 EndlessMike the Ruffian (level 6, -1/47 HPs)
             Began as a Demonspawn Wanderer on Apr 14, 2020.
             Slain by an iguana (5 damage)
             ... on level 5 of the Dungeon.
             The game lasted 00:06:03 (4777 turns).

EndlessMike the Ruffian (Demonspawn Wanderer)       Turns: 4777, Time: 00:06:03

Health: -1/47      AC:  6    Str: 14    XL:     6   Next: 1%
Magic:  6/6        EV: 10    Int: 14    God:
Gold:   211        SH:  0    Dex: 12    Spells: 5/5 levels left

rFire    + . .     SeeInvis .     - Unarmed
rCold    . . .     Gourm    .   (no shield)
rNeg     . . .     Faith    +   b - +0 ring mail
rPois    .         Spirit   .   (no helmet)
rElec    .         Reflect  .   (no cloak)
rCorr    .         Harm     .   m - +0 pair of gloves
MR       .....                  (no boots)
Stlth    +.........             j - amulet of faith
HPRegen  0.15/turn              (no ring)
MPRegen  0.10/turn              (no ring)

@: no status effects
A: fire resistance 1
a: no special abilities


You were on level 5 of the Dungeon.
You were not hungry.

You visited 1 branch of the dungeon, and saw 5 of its levels.

You collected 211 gold pieces.

Inventory:

Armour
 b - a +0 ring mail (worn)
 m - a +0 pair of gloves (worn)
Jewellery
 j - an amulet of faith (around neck)
Scrolls
 a - a scroll of magic mapping {unknown}
 c - 3 scrolls of teleportation
 g - a scroll of fear {unknown}
 h - 2 scrolls of immolation {unknown}
 i - 4 scrolls of identify {unknown}
 k - a scroll of remove curse {unknown}
 n - a scroll of amnesia {unknown}
 q - a scroll of random uselessness {unknown}
Potions
 e - a potion of brilliance {unknown}
 f - a potion of resistance {unknown}
 l - a potion of lignification {unknown}
 o - a potion of heal wounds
 p - 2 potions of agility {unknown}
Comestibles
 d - 4 rations
 r - 2 chunks of flesh


   Skills:
 - Level 3.0 Fighting
   Level 1.7 Short Blades
   Level 1.7 Axes
 - Level 1.0 Throwing
 - Level 1.0 Stealth
 + Level 5.4 Unarmed Combat
   Level 1.0 Evocations


You had 5 spell levels left.
You didn't know any spells.
Your spell library was empty.

Dungeon Overview and Level Annotations

Branches:
Dungeon (5/15)
 Temple: D:4-7

Altars:
Dithmenos
Elyvilon
The Shining One

Shops:
D:4 :   D:5 [


Innate Abilities, Weirdness & Mutations

Your flesh is heat resistant. (rF+)


Message History

The phantom blinks!
You see here a leopard gecko corpse.
An iguana comes into view.
The iguana hisses angrily.
The iguana moves out of view.
The iguana bites you but does no damage.
The iguana misses you.
You completely miss the iguana. The iguana bites you!
* * * LOW HITPOINT WARNING * * *
You hit the iguana.
The iguana is lightly wounded.
The iguana bites you!
* * * LOW HITPOINT WARNING * * *
You hit the iguana.
The iguana is moderately wounded.
The iguana closely misses you.
You hit the iguana.
The iguana is heavily wounded.
The iguana bites you.
You die...

##.### #.# ##..# #.## ##....
###..# #.# ##.#####.########.
##...## ###.# #..##...##.......
...### #...# #..........#####.
.### #.#######.##....#### #.
.########............##.<.#### #.
.#........#####..............# ##
†............##...........##.####
..#####..###....@.........##....#
#######..######l..........#####.#
# #........###............# #.. #
#.######..##.#..........#######
##.#..#..#.#####........
#....#.##.# ######### ##.....##.#
#....###.# #........#


You could see an iguana.

Vanquished Creatures
  A crimson imp (D:5)
  A hound (D:4)
  A centaur skeleton (D:5)
  A worker ant (D:5)
  A worker ant zombie (D:5)
  A gnoll (D:1)
  4 adders
  An ooze (D:1)
  2 worms (D:3)
  A dart slug (D:2)
  4 leopard geckos
  2 orcs
  7 bats (D:1)
  6 giant cockroaches
  9 goblins
  11 hobgoblins
  2 jackals
  8 kobolds
  2 ball pythons (D:3)
  3 frilled lizards
  A leopard gecko skeleton (D:5)
  A quokka zombie (D:5)
  5 rats
75 creatures vanquished.

Vanquished Creatures (others)
  A plant (D:3)
1 creature vanquished.

Grand Total: 76 creatures vanquished

Notes
Turn   | Place    | Note
-------+----------+-------------------------------------------
     0 | D:1      | EndlessMike the Demonspawn Wanderer began the quest for the
                  | Orb.
     0 | D:1      | EndlessMike set off with the following items: a +2 short
                  | sword, a +0 ring mail, a scroll of teleportation, a ration
     0 | D:1      | Reached XP level 1. HP: 18/18 MP: 1/1
    24 | D:1      | Reached skill level 1 in Unarmed Combat
   170 | D:1      | Gained mutation: Your flesh is heat resistant. (rF+)
                  | [demonic ancestry]
   170 | D:1      | Reached XP level 2. HP: 17/24 MP: 2/2
   398 | D:1      | Reached skill level 2 in Unarmed Combat
  1063 | D:2      | Reached XP level 3. HP: 26/29 MP: 3/3
  1262 | D:2      | Reached skill level 3 in Unarmed Combat
  1702 | D:2      | Reached XP level 4. HP: 25/35 MP: 4/4
  2989 | D:3      | Reached skill level 4 in Unarmed Combat
  3144 | D:3      | Found a white marble altar of Elyvilon.
  3767 | D:4      | Found a shadowy altar of Dithmenos.
  3955 | D:4      | Found Zeomitin's Book Boutique.
  3975 | D:4      | Reached XP level 5. HP: 20/41 MP: 5/5
  4234 | D:5      | Entered Level 5 of the Dungeon
  4327 | D:5      | Reached skill level 5 in Unarmed Combat
  4537 | D:5      | Found Kiamagad's Armour Shop.
  4562 | D:5      | Found a glowing golden altar of the Shining One.
  4577 | D:5      | Reached XP level 6. HP: 36/47 MP: 6/6
  4777 | D:5      | Slain by an iguana

Levels and vault maps discovered:
D:1:      minmay_arrival_shattered_statue, layout_loops_ring,
          chequers_serial_rivers_micro_e
D:2:      layout_loops_ring, minmay_split_cup_large
D:3:      layout_basic, lemuel_crystal_altar, serial_forest,
          infiniplex_forest_clump_long, infiniplex_forest_end_1,
          infiniplex_forest_clump_small, infiniplex_forest_end_3,
          infiniplex_forest_clump_diagonal, infiniplex_forest_end_3,
          first_ration
D:4:      layout_basic, marbit_many_paths, kennysheep_windowed_goal
D:5:      layout_rooms, nemelex_xobeh_ov_fountains_minmay, old_standard_altar,
          grunt_temple_overflow_cloverleaf, serial_shops, shop, shop,
          minmay_misc_feat_hallway

Skill      XL: |  1  2  3  4  5 |
---------------+----------------+-----
Unarmed Combat | 1 2 3 4 5 |  5.4
Fighting       | |  3.0
Short Blades   | |  1.7
Axes           | |  1.7
Throwing       | |  1.0
Stealth        | |  1.0
Evocations     | |  1.0

Action                   |  1- 3 |  4- 6 || total
-------------------------+-------+-------++-------
Melee: Short sword       |   138 |     5 ||   143
       Punch             |     2 |     6 ||     8
       Unarmed           |       |   239 ||   239
  Use: Potion            |     1 |     1 ||     2
       Scroll            |     1 |       ||     1
  Eat: Chunk             |     2 |     7 ||     9
       Ration            |       |     1 ||     1
Armor: Ring mail         |    63 |    77 ||   140
Dodge: Dodged            |    78 |   114 ||   192
